 Dungeon Crawl Stone Soup version 0.32-a0-913-g739538afd8 (webtiles) character file.

Game seed: 7448523448688931922

8642 Biggs the Skirmisher (level 11, -10/79 HPs)
             Began as a Coglin Hunter on Apr 7, 2024.
             Was a High Priest of Okawaru.
             Shot with an arrow by a centaur warrior (24 damage)
             ... on level 10 of the Dungeon.
             The game lasted 00:15:04 (7854 turns).

Biggs the Skirmisher (Coglin Hunter)                Turns: 7854, Time: 00:15:04

Health: -10/79     AC: -1    Str: 11    XL:     11   Next: 34%
Magic:  11/11      EV: 15    Int:  8    God:    Okawaru [*****.]
Gold:   509        SH:  0    Dex: 23    Spells: 10/10 levels left

rFire   . . .        h - +2 hand cannon (elec) {Surjit}
rCold   . . .        a - +2 sling {Minoru}
rNeg    . . .        c - +0 leather armour
rPois   .            (no helmet)
rElec   .            C - +0 cloak
rCorr   .            H - +2 pair of gloves
SInv    .            (no boots)
Will    .....        (amulet unavailable)
Stlth   ++           (ring unavailable)
HPRegen 0.33/turn    (ring unavailable)
MPRegen 0.12/turn    (no gizmo)

%: no passive effects
@: about to teleport, corroded
A: off-hand wielding, slow wielding, warmup strikes, no jewellery
a: Invent Gizmo, Renounce Religion, Heroism, Finesse, Duel


You were on level 10 of the Dungeon.
You worshipped Okawaru.
Okawaru was extremely pleased with you.
You visited 2 branches of the dungeon, and saw 11 of its levels.
You also visited: Ossuary.

You collected 509 gold pieces.

Inventory:

Hand Weapons
 a - a +2 sling (offhand) {Minoru}
 h - a +2 hand cannon of electrocution (weapon) {Surjit}
Missiles
 o - 2 throwing nets
Armour
 c - a +0 leather armour (worn)
 C - a +0 cloak (worn)
 H - a +2 pair of gloves (worn)
 I - a scarf of resistance
Wands
 i - a wand of paralysis (26)
 r - a wand of warping (7)
 t - a wand of polymorph (4)
 w - a wand of mindburst (14)
Scrolls
 b - a scroll of butterflies
 d - a scroll of noise {unknown}
 e - 5 scrolls of teleportation
 j - a scroll of identify
 l - a scroll of vulnerability {unknown}
 m - 4 scrolls of revelation
 s - a scroll of fear {unknown}
 u - 2 scrolls of fog {unknown}
 x - 2 scrolls of immolation {unknown}
 y - 2 scrolls of poison {unknown}
 E - a scroll of blinking {unknown}
Potions
 f - 3 potions of cancellation
 g - 2 potions of attraction {unknown}
 k - 4 potions of curing
 n - a potion of mutation {unknown}
 p - 2 potions of magic {unknown}
 q - a potion of lignification {unknown}
 v - 2 potions of brilliance {unknown}
 z - 2 potions of resistance {unknown}
 A - a potion of might {unknown}
 B - a potion of ambrosia {unknown}
 D - 2 potions of enlightenment {unknown}
 F - 2 potions of haste {unknown}
 G - 3 potions of degeneration {unknown}
 J - 2 potions of heal wounds {unknown}


   Skills:
 - Level 5.0 Fighting
 + Level 14.2 Ranged Weapons
 - Level 6.6 Dodging
 - Level 0.7 Stealth


You had 10 spell levels left.
You didn't know any spells.
Your spell library contained the following spells:

 Spells                   Type           Power      Damage    Failure   Level
 Apportation              Tloc           0%         N/A       50%         1
 Freeze                   Ice            0%         1d3       50%         1
 Necrotise                Necr           0%         1d4       50%         1
 Slow                     Hex            0%         N/A       50%         1
 Sting                    Conj/Alch      0%         1d3       50%         1
 Blink                    Tloc           0%         N/A       65%         2
 Ensorcelled Hibernation  Hex/Ice        0%         N/A       65%         2
 Lesser Beckoning         Tloc           0%         N/A       65%         2
 Momentum Strike          Conj/Tloc      0%         3d8       65%         2
 Confusing Touch          Hex            0%         N/A       86%         3
 Frozen Ramparts          Ice            0%         1d1       86%         3
 Fugue of the Fallen      Necr           0%         N/A       86%         3
 Hailstorm                Conj/Ice       0%         3d5       86%         3
 Vampiric Draining        Necr           0%         2d6       86%         3
 Anguish                  Hex/Necr       0%         N/A       99%         4
 Cause Fear               Hex            0%         N/A       99%         4
 Fireball                 Conj/Fire      0%         3d3       100%        5
 Summon Small Mammal      Summ           Unusable   N/A       N/A         1
 Dragon's Call            Summ           Unusable   N/A       N/A         9

Dungeon Overview and Level Annotations

Branches:
Dungeon (10/15)            Temple (1/1) D:5            Lair (0/5) D:9
Ossuary (visited)
    Orc: D:9-12

Altars:
Ashenzari
Cheibriados
Dithmenos
Elyvilon
Fedhas
Gozag
Hepliaklqana
Kikubaaqudgha
Nemelex Xobeh
Okawaru
Qazlal
Ru
Sif Muna
Trog
Uskayaw
Vehumet
Wu Jian
Xom
Yredelemnul
Zin
The Shining One

Shops:
D:7 =

Annotations:
D:3 1 runed translucent door, AutarchDCSS's ghost, amateur DrHW


Innate Abilities, Weirdness & Mutations

You can wield a second weapon in your off-hand.
It takes a long time for you to wield or remove held weapons.
Your first few attacks do less damage.
You cannot equip rings or amulets.


Message History

You shoot a sling bullet. The sling bullet hits the vampire.
The vampire is severely damaged.
The vampire points at you and mumbles some strange words.
You are confused.
Unknown command.
You are too confused!
Unknown command.
You are too confused!
Unknown command.
You are too confused!
Unknown command.
Non-targeted confused fire: h) +2 hand cannon (elec) {Surjit}
Press: ? - help, Q - select action, (/) - cycle Dir - look around, f - activate You shoot a sling bullet.
You shoot a slug.
A green ugly thing comes into view.
You feel better.
The vampire zaps a wand.
The bolt of acid hits you!! The acid corrodes you!
A centaur warrior comes into view.
Fire: h) +2 hand cannon (elec) {Surjit}
Press: ? - help, Q - select action, (/) - cycle Shift-Dir - straight line, f - vampire
Aim: a vampire, carrying a wand of acid (severely damaged, 73% to hit)
Okay, then.
The vampire gestures wildly while chanting.
The vampire flickers and vanishes!
Deactivating autopickup; reactivate with Ctrl-A.
A centaur warrior comes into view.
The centaur warrior wields a +0 orcbow.
The centaur warrior shoots an arrow.
Reactivating autopickup.
You feel a bit more experienced.
A centaur warrior breaks down the door.
The centaur warrior shoots an arrow.
The arrow hits you!!
The centaur warrior shoots an arrow.
The arrow hits you!
* * * LOW HITPOINT WARNING * * *
As you read the scroll of teleportation, it crumbles to dust.
You feel strangely unstable.
The centaur warrior wields a +0 shortbow.
The centaur warrior shoots an arrow.
The arrow barely misses you.
The centaur warrior shoots an arrow.
The arrow barely misses you.
The centaur warrior shoots an arrow.
The arrow hits you!!
You die...

#........#..........##
#........#..........#
#........#....##....+
#........#....##....#
#........#..........#
#........#..........#
#........#..<.......#
#........#..........#
#........#...@##....#
#........+....# ....#
#........#....# ....#
#........#...u# ....#
#....##..#....#
#....##......c#
#....##....c..# #....
#..###..# #........+
'/'#######


You could see a green ugly thing and 2 centaur warriors.

Vanquished Creatures
  2 two-headed ogres
  Joseph (D:7)
  Grinder (D:6)
  A troll (D:9)
  Sigmund (D:6)
  A vampire (D:10)
  Eustachio (D:6)
  14 yaks
  Grum (D:8)
  Menkaure (Ossuary)
  A steam dragon (D:8)
  A water moccasin (D:8)
  A black bear (D:4)
  A sky beast (D:7)
  2 orc warriors (D:8)
  3 wolves (D:8)
  3 ogres
  3 centaurs (D:9)
  3 phantoms
  A kobold brigand (D:8)
  2 bullfrogs (D:7)
  2 gnoll sergeants
  A scorpion (D:6)
  4 wights (D:9)
  7 killer bees
  2 bombardier beetles
  2 bullfrog skeletons (D:7)
  5 hounds
  7 orc priests
  A gnoll bouda (D:4)
  An iguana (D:4)
  2 scorpion zombies (D:7)
  Natasha (thrice) (D:4)
  13 orc wizards
  Terence (D:2)
  3 mummies (Ossuary)
  17 gnolls
  A howler monkey skeleton (D:7)
  5 adders
  2 white imps
  2 ribbon worms (D:4)
  26 orcs
  2 ball pythons
  7 endoplasms
  3 giant cockroaches (D:2)
  2 goblins
  9 hobgoblins
  6 jackals
  14 kobolds
  4 quokkas
  2 bats
  5 frilled lizards
  4 gnoll skeletons (Ossuary)
  6 gnoll zombies (Ossuary)
  6 goblin skeletons (Ossuary)
  2 goblin zombies (Ossuary)
  3 hobgoblin skeletons (Ossuary)
  5 hobgoblin zombies (Ossuary)
  7 kobold skeletons (Ossuary)
  4 kobold zombies (Ossuary)
  3 orc skeletons (Ossuary)
  6 orc zombies (Ossuary)
  A rat (D:1)
  2 rat skeletons (Ossuary)
  2 rat zombies (Ossuary)
257 creatures vanquished.

Vanquished Creatures (others)
  A vampire (D:10)
1 creature vanquished.

Grand Total: 258 creatures vanquished

Notes
Turn   | Place    | Note
-------+----------+-------------------------------------------
     0 | D:1      | Biggs the Coglin Hunter began the quest for the Orb.
     0 | D:1      | Reached XP level 1. HP: 16/16 MP: 1/1
   103 | D:1      | Reached skill level 4 in Ranged Weapons
   103 | D:1      | Reached XP level 2. HP: 22/22 MP: 2/2
   343 | D:1      | Found a faded altar of an unknown god.
   554 | D:2      | Reached XP level 3. HP: 27/27 MP: 3/3
   668 | D:2      | Noticed Terence
   677 | D:2      | Killed Terence
   791 | D:2      | Reached skill level 5 in Ranged Weapons
   791 | D:2      | Reached XP level 4. HP: 33/33 MP: 4/4
   856 | D:2      | You fall into a shaft and drop 1 floor!
  1168 | D:3      | Found a runed translucent door.
  1169 | D:3      | Noticed AutarchDCSS's ghost (amateur DrHW)
  1590 | D:4      | Reached XP level 5. HP: 38/38 MP: 5/5
  1604 | D:4      | Reached skill level 6 in Ranged Weapons
  1711 | D:4      | Reached XP level 6. HP: 44/44 MP: 6/6
  1740 | D:4      | Noticed a black bear
  1746 | D:4      | Killed a black bear
  1820 | D:4      | Reached skill level 7 in Ranged Weapons
  1894 | D:4      | Reached XP level 7. HP: 50/50 MP: 7/7
  1915 | D:4      | Noticed Natasha
  1918 | D:4      | Killed Natasha
  1972 | D:4      | Noticed Natasha
  1981 | D:4      | Killed Natasha
  1987 | D:4      | Reached skill level 8 in Ranged Weapons
  2272 | D:4      | Identified the +1 ring mail of Lyhio {Rampage +Blink}
  2396 | D:4      | Noticed Natasha
  2403 | D:4      | Killed Natasha
  2486 | D:5      | Entered Level 5 of the Dungeon
  2798 | D:5      | Reached skill level 9 in Ranged Weapons
  2798 | D:5      | Reached XP level 8. HP: 56/56 MP: 8/8
  3071 | D:5      | Found a staircase to the Ecumenical Temple.
  3081 | Temple   | Entered the Ecumenical Temple
  3088 | Temple   | Became a worshipper of Warmaster Okawaru
  3811 | D:6      | Noticed Sigmund
  3817 | D:6      | Killed Sigmund
  3817 | D:6      | Reached * piety under Okawaru
  3818 | D:6      | Reached skill level 5 in Fighting
  4042 | D:6      | Noticed Grinder
  4049 | D:6      | Killed Grinder
  4050 | D:6      | Reached XP level 9. HP: 63/68 MP: 9/9
  4107 | D:6      | Noticed Eustachio
  4115 | D:6      | Killed Eustachio
  4115 | D:6      | Reached ** piety under Okawaru
  4116 | D:6      | Reached skill level 5 in Dodging
  4121 | D:6      | Found Reezonk's Book Shoppe.
  4508 | D:7      | Found a sand-covered staircase.
  4522 | Ossuary  | Entered an ossuary
  4834 | Ossuary  | Noticed Menkaure
  4841 | Ossuary  | Killed Menkaure
  5075 | D:7      | Identified a scroll of acquirement
  5177 | D:7      | Found Iriastre's Jewellery Shop.
  5639 | D:7      | Noticed a cyclops
  5672 | D:7      | Acquired a +0 hand cannon of electrocution
  5725 | D:7      | Noticed Joseph
  5732 | D:7      | Killed Joseph
  5732 | D:7      | Reached *** piety under Okawaru
  5733 | D:7      | Reached skill level 10 in Ranged Weapons
  5842 | D:8      | Found a hide-covered altar of Uskayaw.
  5842 | D:8      | Found a glowing silver altar of Zin.
  5942 | D:8      | Reached XP level 10. HP: 74/74 MP: 10/10
  6143 | D:8      | Reached skill level 11 in Ranged Weapons
  6144 | D:8      | Noticed a two-headed ogre
  6148 | D:8      | Killed a two-headed ogre
  6148 | D:8      | Reached **** piety under Okawaru
  6342 | D:8      | Found an opulent altar of Gozag.
  6342 | D:8      | Found a sparkling altar of Nemelex Xobeh.
  6363 | D:8      | Noticed Grum
  6372 | D:8      | Killed Grum
  6497 | D:8      | Found a hazy altar of Hepliaklqana.
  6660 | D:9      | Reached skill level 12 in Ranged Weapons
  6666 | D:9      | Noticed a two-headed ogre
  6670 | D:9      | Killed a two-headed ogre
  6670 | D:9      | Reached ***** piety under Okawaru
  6713 | D:9      | Found a staircase to the Lair.
  6768 | D:9      | Received a gift from Okawaru
  6771 | D:9      | Reached skill level 13 in Ranged Weapons
  6990 | D:9      | Reached XP level 11. HP: 67/79 MP: 11/11
  7505 | D:10     | Entered Level 10 of the Dungeon
  7551 | D:10     | Found a blossoming altar of Fedhas.
  7581 | D:10     | Reached skill level 14 in Ranged Weapons
  7842 | D:10     | Noticed a green ugly thing
  7843 | D:10     | Noticed a centaur warrior
  7849 | D:10     | Noticed a centaur warrior
  7854 | D:10     | Shot with an arrow by a centaur warrior

Illustrated notes

Levels and vault maps discovered:
D:1:      eino_arrival_water_cross, layout_basic,
          shapermc_ecumenical_altar_ellora
D:2:      layout_loops_ring, serial_bayou, serial_bayou_pond_b,
          serial_bayou_shore_b, serial_bayou_shore_a, serial_bayou_lake_a,
          uniq_terence
D:3:      layout_basic, gammafunk_ghost_grave
D:4:      minmay_general_purpose_star, layout_cave_pools, minmay_surrounded,
          uniq_natasha
D:5:      layout_loops_corners, minmay_temple_entry_waves,
          minmay_misc_feat_alley
D:6:      layout_loops_ring, serial_shops, nicolae_lakefront_shop, uniq_grinder,
          uniq_sigmund, uniq_eustachio
D:7:      minmay_chambers_of_fours, layout_gridville,
          mainiacjoe_ossuary_entry_find_the_door, serial_shops, shop,
          minmay_misc_feat_square, uniq_joseph
D:8:      layout_rooms, grunt_temple_overflow_opulence,
          grunt_temple_overflow_open, dreamdust_princess_corridor,
          kennysheep_nondescript, uniq_grum
D:9:      layout_basic, lair_entry_dummy, minmay_fractal_squares_diagonal_5
D:10:     minmay_shrinking_squares, layout_stronghold,
          mainiacjoe_overflow_alcove_4, kennysheep_mini_moat,
          hangedman_minor_magic
Temple:   nicolae_temple_no_exploring_needed

Skill      XL: |  1  2  3  4  5  6  7  8  9 10 11 |
---------------+----------------------------------+-----
Ranged Weapons | 4 5 6 7 9 10 13 14 | 14.2
Fighting       | 5 |  5.0
Dodging        | 4 6 |  6.6
Stealth        | |  0.7

Action                     |  1- 3 |  4- 6 |  7- 9 | 10-12 || total
---------------------------+-------+-------+-------+-------++-------
   Fire: Sling             |   124 |   176 |   688 |   168 ||  1156
         Hand cannon       |       |       |    28 |   168 ||   196
    Use: Scroll            |       |       |     9 |     4 ||    13
         Potion            |       |       |       |     1 ||     1
 Armour: Leather armour    |     6 |    13 |    42 |    31 ||    92
  Dodge: Dodged            |     4 |     9 |    57 |    51 ||   121

Table legend: (Time is in decaauts)
 A = Elapsed time spent in this place.
 B = Non-inter-level travel time spent in this place.
 C = Inter-level travel time spent in this place.
 D = Time resting spent in this place.
 E = Time spent auto-exploring this place.
 F = Levels seen in this place.
 G = Mean time per level.
                   A        B        C        D        E       F      G
               +--------+--------+--------+--------+--------+-----+--------+
         Total |   7897 |   7556 |    341 |     71 |   6181 |  12 |  658.1 |
       Dungeon |   7333 |   6998 |    335 |     66 |   5778 |  10 |  733.3 |
        Temple |     14 |      8 |      6 |      0 |      0 |   1 |   14.0 |
       Ossuary |    549 |    549 |      0 |      5 |    403 |   1 |  549.0 |
               +--------+--------+--------+--------+--------+-----+--------+

Top non-repeatable levels by time:
     D:5: 1136 daAuts
     D:4: 912 daAuts
     D:9: 861 daAuts
     D:7: 859 daAuts
     D:8: 829 daAuts
     D:6: 781 daAuts
     D:3: 731 daAuts
     D:1: 560 daAuts
 Ossuary: 549 daAuts
    D:10: 348 daAuts
     D:2: 313 daAuts
  Temple: 14 daAuts
